 Dungeon Crawl Stone Soup version 0.30-a0-824-g6c64550be9 (webtiles) character file.

Game seed: 5631179079547809056

504 qeuew the Trooper (level 6, -1/49 HPs)
             Began as a Demonspawn Monk on Feb 27, 2023.
             Was an Elder of Makhleb.
             Slain by a goblin
             ... wielding a +0 dagger
             ... led by Robin
              (2 damage)
             ... on level 4 of the Dungeon.
             The game lasted 00:04:27 (3142 turns).

qeuew the Trooper (Demonspawn Monk)                 Turns: 3142, Time: 00:04:28

Health: -1/49      AC:  5    Str: 11    XL:     6   Next: 96%
Magic:  8/8        EV: 12    Int: 11    God:    Makhleb [****..]
Gold:   242        SH:  0    Dex: 18    Spells: 5/5 levels left

rFire   . . .      SeeInvis .    a - +0 falchion
rCold   . . .      Faith    .    (no shield)
rNeg    . . .      Spirit   .    h - +0 ring mail
rPois   .          Reflect  .    (no helmet)
rElec   .          Harm     .    (no cloak)
rCorr   .          Rampage  .    (no gloves)
Will    .....                    (no boots)
Stlth   +                        (no amulet)
HPRegen 0.28/turn                i - ring of flight
MPRegen 0.22/turn                (no ring)

@: flying
A: demonic guardian 1, magic regeneration, weakness stinger 1
a: Renounce Religion, Minor Destruction, Lesser Servant of Makhleb, Major
Destruction


You were on level 4 of the Dungeon.
You worshipped Makhleb.
Makhleb was greatly pleased with you.
You visited 1 branch of the dungeon, and saw 4 of its levels.

You collected 242 gold pieces.

Inventory:

Hand Weapons
 a - a +0 falchion (weapon)
Armour
 h - a +0 ring mail (worn)
Jewellery
 i - a ring of flight (left hand)
Wands
 l - a wand of charming (10)
Scrolls
 d - a scroll of fear {unknown}
 e - a scroll of amnesia
Potions
 b - a potion of brilliance
 c - 3 potions of ambrosia
 g - a potion of flight
 j - 5 potions of curing


   Skills:
 + Level 4.4 Fighting
 * Level 4.0 Long Blades
 + Level 2.6 Armour
 + Level 3.9 Dodging
 - Level 1.7 Stealth
 * Level 3.9 Invocations
 + Level 0.5 Evocations


You had 5 spell levels left.
You didn't know any spells.
Your spell library contained the following spells:

 Spells                   Type           Power      Damage    Failure   Level
 Cigotuvi's Dreadful Rot  Necr/Pois/Air  0%         N/A       77%         2
 Poisonous Vapours        Pois/Air       0%         N/A       77%         2
 Mephitic Cloud           Conj/Pois/Air  0%         N/A       94%         3


Dungeon Overview and Level Annotations

Branches:
Dungeon (4/15)
 Temple: D:4-7

Altars:
Makhleb

Shops:
D:2 =   D:3 (

Annotations:
D:4 Menkaure


Innate Abilities, Weirdness & Mutations

A weak demonic guardian rushes to your aid.
You regenerate magic rapidly.
You have a small tail.


Message History

Robin throws the goblin at you!
The hobgoblin hits you but does no damage.
The goblin hits you with a +0 dagger. x2; The goblin barely misses you.
The goblin hits you with a +0 dagger. The goblin hits you but does no damage.
Menkaure hits you.
Your neqoxec hits Menkaure but does no damage.
Your white imp hits the goblin.
Your white imp freezes the goblin.
The goblin dies!
Makhleb accepts your kill.
You slash Robin!
You kill Robin!
Makhleb accepts your kill.
You feel better. The goblin hits you with a +0 club.
* * * LOW HITPOINT WARNING * * *
The goblin barely misses you. The goblin hits you with a +0 dagger.
* * * LOW HITPOINT WARNING * * *
The hobgoblin misses you. The goblin hits you with a +0 dagger.
* * * LOW HITPOINT WARNING * * *
Menkaure gestures at you while chanting.
Pain shoots through your body!
* * * LOW HITPOINT WARNING * * *
Your neqoxec barely misses the goblin.
Your white imp gestures at the goblin.
The puff of frost hits the goblin!
The goblin dies!
Makhleb accepts your kill.
You slash Menkaure!
Menkaure is moderately damaged.
The hobgoblin barely misses you. The goblin hits you but does no damage.
The goblin hits you with a +0 club.
* * * LOW HITPOINT WARNING * * *
The hobgoblin barely misses you. The goblin hits you but does no damage.
Menkaure hits you.
* * * LOW HITPOINT WARNING * * *
Your neqoxec hits the goblin!
The goblin dies!
Makhleb accepts your kill. The hobgoblin barely misses you.
The goblin closely misses you. The hobgoblin closely misses you.
The goblin hits you with a +0 dagger.
You die...

.. .. .... .... ..
.... ...... ..
[.... ...... ..
..... .... ..
...... ... ## ..
......###.# .## ..
##....ggg.# ...#.
..
......g@)####.....
.#
......M)5..#......
.#
......3...........
##
......####....##.
# .#.#.###.#...##
.. .# #
#..........## .
##.#
.....#..##..#.....
# ...# .#..
#..###.#..... ##
....# .... #..#
#.......


You could see Menkaure (fast), 2 hobgoblins, 2 goblins, a friendly neqoxec
(summoned) and a friendly white imp (summoned).

Vanquished Creatures
  Sigmund (D:2)
  A black bear (D:3)
  A phantom (D:3)
  An orc priest (D:4)
  Robin (D:4)
  3 adders
  A dart slug (D:1)
  11 orcs
  7 bats
  7 endoplasms
  5 giant cockroaches
  8 goblins
  4 hobgoblins (D:1)
  8 jackals
  3 kobolds
  2 quokkas
  2 ball pythons
  3 frilled lizards
  11 rats
80 creatures vanquished.

Vanquished Creatures (collateral kills)
  An iguana (D:4)
  A worm (D:2)
  An orc (D:4)
  5 goblins (D:4)
  A kobold (D:1)
  A ball python (D:2)
  A frilled lizard (D:1)
11 creatures vanquished.

Vanquished Creatures (others)
  A plant (D:1)
1 creature vanquished.

Grand Total: 92 creatures vanquished

Notes
Turn   | Place    | Note
-------+----------+-------------------------------------------
     0 | D:1      | qeuew the Demonspawn Monk began the quest for the Orb.
     0 | D:1      | Reached XP level 1. HP: 18/18 MP: 1/1
    81 | D:1      | Found a faded altar of an unknown god.
    90 | D:1      | Prayed at the altar of an unknown god.
    90 | D:1      | Became a worshipper of Makhleb the Destroyer
    90 | D:1      | Reached * piety under Makhleb
    90 | D:1      | Reached ** piety under Makhleb
   190 | D:1      | Gained mutation: A weak demonic guardian rushes to your
                  | aid. [demonic ancestry]
   190 | D:1      | Reached XP level 2. HP: 24/24 MP: 2/2
   202 | D:1      | Reached *** piety under Makhleb
   281 | D:1      | Reached skill level 1 in Invocations
   846 | D:2      | Gained mutation: You have a small tail. [demonic ancestry]
   846 | D:2      | Reached XP level 3. HP: 26/27 MP: 3/3
   905 | D:2      | Reached skill level 1 in Armour
   954 | D:2      | Found Noloi's Jewellery Emporium.
  1043 | D:2      | Identified the +1 robe of Fiuse {Int+3}
  1071 | D:2      | Noticed Sigmund
  1084 | D:2      | Killed Sigmund
  1085 | D:2      | Gained mutation: You regenerate magic rapidly. [demonic
                  | ancestry]
  1085 | D:2      | Reached XP level 4. HP: 21/37 MP: 4/6
  1085 | D:2      | Reached XP level 5. HP: 24/42 MP: 4/7
  1676 | D:3      | Reached **** piety under Makhleb
  1774 | D:3      | Noticed a black bear
  1785 | D:3      | HP: 2/42 [black bear (4)]
  1790 | D:3      | Killed a black bear
  1791 | D:3      | Reached XP level 6. HP: 33/48 MP: 8/8
  2083 | D:3      | Found Backiaf's Weapon Boutique.
  3123 | D:4      | Noticed Robin
  3128 | D:4      | Noticed Menkaure
  3141 | D:4      | Killed Robin
  3142 | D:4      | HP: 1/49 [Menkaure (4)]
  3142 | D:4      | Slain by a goblin

Illustrated notes

Levels and vault maps discovered:
D:1:      giann_bridges, layout_loops_cross, dreamdust_ecumenical_altar_statues
D:2:      layout_loops_ring, serial_shops, shop, uniq_sigmund
D:3:      layout_basic, serial_shops, shop, kennysheep_nub
D:4:      layout_cave_pools, uniq_eustachio, uniq_menkaure, uniq_robin

Skill      XL: |  1  2  3  4  5  6 |
---------------+-------------------+-----
Invocations    | 1 2 3 |  3.9
Dodging        | 3 |  3.9
Armour         | 1 2 |  2.6
Long Blades    | 3 4 |  4.0
Fighting       | 4 |  4.4
Stealth        | |  1.7
Evocations     | |  0.5

Action                     |  1- 3 |  4- 6 || total
---------------------------+-------+-------++-------
  Melee: Falchion          |   114 |   187 ||   301
         Punch             |     2 |     2 ||     4
         Tailslap          |     4 |    26 ||    30
 Invoke: Minor Destruction |       |     2 ||     2
         Lesser Servant of |       |     1 ||     1
    Use: Scroll            |     4 |     1 ||     5
         Potion            |     1 |     7 ||     8
   Stab: Sleeping          |     4 |     3 ||     7
         Distracted        |       |     3 ||     3
 Armour: Robe              |    14 |       ||    14
         Ring mail         |    13 |    84 ||    97
  Dodge: Dodged            |    76 |   168 ||   244

Table legend: (Time is in decaauts)
 A = Elapsed time spent in this place.
 B = Non-inter-level travel time spent in this place.
 C = Inter-level travel time spent in this place.
 D = Time resting spent in this place.
 E = Time spent auto-exploring this place.
 F = Levels seen in this place.
 G = Mean time per level.
                   A        B        C        D        E       F      G
               +--------+--------+--------+--------+--------+-----+--------+
         Total |   3164 |   3059 |    105 |     41 |   2376 |   4 |  791.0 |
       Dungeon |   3164 |   3059 |    105 |     41 |   2376 |   4 |  791.0 |
               +--------+--------+--------+--------+--------+-----+--------+

Top non-repeatable levels by time:
     D:3: 1063 daAuts
     D:1: 839 daAuts
     D:2: 828 daAuts
     D:4: 433 daAuts
